 Dungeon Crawl Stone Soup version 0.30-a0-956-gcec3b41aec (webtiles) character file.

Game seed: 2345471691867634389

30 DeathPants the Slasher (level 3, 0/18 HPs)
             Began as a Vine Stalker Gladiator on Mar 29, 2023.
             Succumbed to an adder's poison
             ... on level 2 of the Dungeon.
             The game lasted 00:02:31 (890 turns).

DeathPants the Slasher (Vine Stalker Gladiator)      Turns: 890, Time: 00:02:32

Health: 0/18       AC:  4    Str: 16    XL:     3   Next: 20%
Magic:  1/4        EV: 12    Int:  8    God:
Gold:   35         SH:  0    Dex: 17    Spells: 2/2 levels left

rFire   . . .      SeeInvis .    a - +0 long sword
rCold   . . .      Faith    .    (no shield)
rNeg    . . .      Spirit   +    b - +0 leather armour
rPois   .          Reflect  .    c - +0 helmet
rElec   .          Rampage  .    (no cloak)
rCorr   .                        (no gloves)
Will    .....                    (no boots)
Stlth   +                        (no amulet)
HPRegen 0.23/turn                (no ring)
MPRegen 0.09/turn                (no ring)

@: brilliant, lethally poisoned (0 -> -5), hasted, very quick
A: fangs 2, magic shield, antimagic bite, no potion heal 2
a: no special abilities


You were on level 2 of the Dungeon.
You visited 1 branch of the dungeon, and saw 2 of its levels.

You collected 35 gold pieces.

Inventory:

Hand Weapons
 a - a +0 long sword (weapon)
Missiles
 d - 3 throwing nets (quivered)
 e - a javelin
Armour
 b - a +0 leather armour (worn)
 c - a +0 helmet (worn)
Scrolls
 f - 2 scrolls of fear {unknown}
 g - 2 scrolls of identify {unknown}
Potions
 h - a potion of haste
 j - a potion of heal wounds


   Skills:
 + Level 2.3 Fighting
 * Level 3.5 Long Blades
 - Level 1.7 Throwing
 - Level 2.4 Dodging


You had 2 spell levels left.
You didn't know any spells.
Your spell library was empty.

Dungeon Overview and Level Annotations

Branches:
Dungeon (2/15)

Altars:

Annotations:
D:2 Natasha


Innate Abilities, Weirdness & Mutations

You have extremely sharp teeth.
When hurt, damage is shared between your health and your magic reserves.
Your bite disrupts and absorbs the magic of your enemies.
Potions cannot restore your health.


Message History

The adder bites you.
You barely miss the adder.
The adder is heavily wounded.
The adder hisses angrily.
The adder bites you. x2
You hit the adder but do no damage.
The adder is heavily wounded.
The adder bites you.
You are poisoned.
The adder poisons you! The adder closely misses you.
You barely miss the adder.
The adder is heavily wounded.
You feel sick. The adder misses you.
You closely miss the adder. You bite the adder, but do no damage.
The adder is heavily wounded.
You feel sick. The adder misses you. The adder bites you.
* * * LOW HITPOINT WARNING * * *
The adder barely misses you.
It was a potion of haste.
You feel yourself speed up.
You feel sick.
You are no longer poisoned.
The adder bites you.
* * * LOW HITPOINT WARNING * * *
The adder misses you.
It was a potion of heal wounds.
That seemed strangely inert.
The adder barely misses you. The adder bites you but does no damage.
It was a potion of brilliance.
You feel clever all of a sudden. The adder bites you.
The adder bites you but does no damage.
You closely miss the adder. You bite the adder, but do no damage.
The adder is heavily wounded.
The adder bites you but does no damage. x2
You closely miss the adder.
The adder is heavily wounded.
The adder bites you.
* * * LOW HITPOINT WARNING * * *
You are lethally poisoned!
The adder poisons you! The adder closely misses you.
You barely miss the adder. Your bite misses the adder.
The adder is heavily wounded.
You die...

.$.. !..
..# ..#
..##
#..####
#...>.#
#S@...#
#....S...#
#........#
#.#.######
.. .. #.
.#. # ..#
#.


You could see 2 adders.

Vanquished Creatures
  A ball python (D:1)
  6 endoplasms (D:1)
  A goblin (D:1)
  2 hobgoblins (D:1)
  6 jackals (D:1)
  3 quokkas (D:1)
  2 bats (D:1)
  3 frilled lizards
  A kobold (D:1)
25 creatures vanquished.

Notes
Turn   | Place    | Note
-------+----------+-------------------------------------------
     0 | D:1      | DeathPants the Vine Stalker Gladiator began the quest for
                  | the Orb.
     0 | D:1      | Reached XP level 1. HP: 11/11 MP: 2/2
   138 | D:1      | Reached skill level 3 in Long Blades
   197 | D:1      | Reached XP level 2. HP: 15/15 MP: 3/3
   653 | D:1      | Reached XP level 3. HP: 16/18 MP: 4/4
   690 | D:2      | Noticed Natasha
   890 | D:2      | Succumbed to an adder's poison

Illustrated notes

Levels and vault maps discovered:
D:1:      lemuel_arrival_river_bridge, layout_loops_ring,
          minmay_misc_feat_more_columns
D:2:      layout_rooms, serial_shops, shop_statue,
          dreamdust_ecumenical_altar_drowned_temple, dreamdust_wishing_well,
          uniq_natasha

Skill      XL: |  1 |
---------------+----+-----
Fighting       | 2 |  2.3
Long Blades    | 3 |  3.5
Throwing       | |  1.7
Dodging        | |  2.4

Action                     || total
---------------------------++-------
  Melee: Long sword        ||    69
         Bite              ||    11
         Punch             ||     1
    Use: Potion            ||     3
   Stab: Sleeping          ||     2
 Armour: Leather armour    ||    25
  Dodge: Dodged            ||    61

Table legend: (Time is in decaauts)
 A = Elapsed time spent in this place.
 B = Non-inter-level travel time spent in this place.
 C = Inter-level travel time spent in this place.
 D = Time resting spent in this place.
 E = Time spent auto-exploring this place.
 F = Levels seen in this place.
 G = Mean time per level.
                   A        B        C        D        E       F      G
               +--------+--------+--------+--------+--------+-----+--------+
         Total |    912 |    912 |      0 |     24 |    664 |   2 |  456.0 |
       Dungeon |    912 |    912 |      0 |     24 |    664 |   2 |  456.0 |
               +--------+--------+--------+--------+--------+-----+--------+

Top non-repeatable levels by time:
     D:1: 881 daAuts
     D:2: 30 daAuts
